 Dungeon Crawl Stone Soup version 0.17.0-22-g5edae84 (webtiles) character file.

38039 st0uf the Thaumaturge (level 13, -2/86 HPs)
             Began as a Pale Draconian Fire Elementalist on Nov 12, 2015.
             Was a High Priest of Vehumet.
             Slain by a death yak (12 damage)
             ... on level 7 of the Lair of Beasts.
             The game lasted 03:01:26 (20476 turns).

st0uf the Thaumaturge (DrFE)                       Turns: 20476, Time: 03:01:26

Health: -2/86      AC: 14    Str: 10    XL:     13   Next: 61%
Magic:  11/28      EV: 19    Int: 19    God:    Vehumet [*****.]
Gold:   1049       SH:  0    Dex: 14    Spells: 5 memorised, 18 levels left

rFire  . . .     SeeInvis .     w - +3 rod of clouds (10/16)
rCold  . . .     Clarity  +     (armour unavailable)
rNeg   . . .     SustAt   .     (no shield)
rPois  .         Gourm    .     (helmet restricted)
rElec  .         Spirit   .     N - +0 cloak
rCorr  .         Warding  .     E - +0 pair of gloves
rMut   .         Stasis   .     (no boots)
MR     +....                    l - amulet of clarity
Stlth  ++........               H - +4 ring of protection
                                c - ring of protection from magic

@: about to teleport, somewhat resistant to hostile enchantments, unstealthy
A: breathe steam, unfitting armour, cold-blooded, AC +8
a: Breathe Steam, Renounce Religion


You were on level 7 of the Lair of Beasts.
You worshipped Vehumet.
Vehumet was extremely pleased with you.
You were very hungry.

You visited 2 branches of the dungeon, and saw 18 of its levels.
You also visited: Labyrinth.

You collected 1105 gold pieces.
You spent 56 gold pieces at shops.

Inventory:

Hand Weapons
 F - a +1 flail of protection
Missiles
 B - 4 throwing nets (quivered)
Armour
 E - a +0 pair of gloves (worn)
 N - a +0 cloak (worn)
Rods
 w - a +3 rod of clouds (10/16) (weapon)
   (You took it off a minotaur in a labyrinth)
Jewellery
 c - a ring of protection from magic (left hand)
 l - an amulet of clarity (around neck)
 o - an uncursed ring of sustain attributes
 G - an uncursed ring of ice
 H - a +4 ring of protection (right hand)
 X - an uncursed ring of stealth
Wands
 m - a wand of confusion (23)
 p - a wand of lightning (12)
 r - a wand of lightning (9)
 I - a wand of fireball (7)
 K - a wand of magic darts (33)
 L - a wand of draining (5)
 O - a wand of slowing (16)
 R - a wand of fireball (11)
 T - a wand of polymorph (17)
 V - a wand of digging (15)
Scrolls
 d - 3 scrolls of remove curse
 f - 6 scrolls of blinking
 g - 6 scrolls of amnesia
 i - 2 scrolls of fear
 n - 2 scrolls of enchant weapon
 q - 5 scrolls of teleportation
 u - 3 scrolls of immolation
 v - 2 scrolls of magic mapping
 y - a scroll of acquirement
 D - 2 scrolls of enchant armour
 M - 3 scrolls of identify
 P - a scroll of silence
 W - 3 scrolls of recharging
Potions
 e - 3 potions of lignification
 j - 3 potions of cancellation
 s - a potion of resistance
 x - 3 potions of brilliance
 z - 2 potions of curing
 A - a potion of agility
 C - a potion of ambrosia
 Q - a potion of haste
 S - a potion of cure mutation
 Z - 2 potions of might
Books
 a - a book of Flames

   Spells                             Type                      Level
   a - Flame Tongue                   Conjuration/Fire             1
   b - Throw Flame                    Conjuration/Fire             2
   c - Conjure Flame                  Conjuration/Fire             3
   d - Inner Flame                    Hexes/Fire                   3
   e - Sticky Flame                   Conjuration/Fire             4
   f - Fireball                       Conjuration/Fire             5
 h - a book of Enchantments

   Spells                             Type                      Level
   a - Cause Fear                     Hexes                        4
   b - Silence                        Hexes/Air                    5
   c - Deflect Missiles               Charms/Air                   6
   d - Haste                          Charms                       6
   e - Discord                        Hexes                        8
Miscellaneous
 t - a lamp of fire
Comestibles
 b - 5 bread rations
 k - 8 meat rations
 J - 24 fruits


   Skills:
 + Level 11.0 Dodging
 - Level 1.7 Stealth
 + Level 11.2 Spellcasting
 - Level 7.4 Conjurations
 - Level 10.0 Fire Magic
 + Level 10.4 Air Magic
 + Level 9.2 Evocations


You had 18 spell levels left.
You knew the following spells:

 Your Spells              Type           Power        Failure   Level  Hunger
a - Flame Tongue          Conj/Fire      #####        1%          1    None
b - Conjure Flame         Conj/Fire      #####...     1%          3    None
c - Sticky Flame          Conj/Fire      #####...     1%          4    ##.....
d - Static Discharge      Conj/Air       #####...     1%          3    None
e - Fireball              Conj/Fire      #####.....   1%          5    ####...


Dungeon Overview and Level Annotations

Branches:
Dungeon (11/15)            Temple (0/1) D:7            Lair (7/8) D:11
 Shoals (0/4) Lair:5       Spider (0/4) Lair:6          Orc (0/4) D:10
  Slime: Lair:6-8

Altars:
Cheibriados
Dithmenos
Fedhas
Gozag
Kikubaaqudgha
Nemelex Xobeh
Qazlal
Ru
Sif Muna
Vehumet
Xom
Yredelemnul
Zin
The Shining One

Shops:
D:8 ?   D:9 =


Innate Abilities, Weirdness & Mutations

You can breathe blasts of scalding, opaque steam.
Your pale cyan-grey scales are hard (AC +8).
Your body does not fit into most forms of armour.
You are cold-blooded and may be slowed by cold attacks.


Message History

The death yak burns!
The spiny frog misses you.
The death yak is engulfed in roaring flames.
The death yak closely misses you.
The death yak is engulfed in roaring flames.
The death yak gores you!!
* * * LOW HITPOINT WARNING * * *
The yak is engulfed in roaring flames.
Casting: Sticky Flame
Confirm with . or Enter, or press ? or * to list all spells.
Aiming: Sticky Flame
Press: ? - help, Shift-Dir - straight line, f - death yak, p - death yak
Aim: a death yak (flame, almost dead)
The sticky flame hits the death yak.
You kill the death yak!
Vehumet accepts your kill.
Your Dodging skill increases to level 11!
The death yak burns!
The spiny frog closely misses you.
The death yak is engulfed in roaring flames.
The death yak gores you!
You die...

......... ..#+
......... ......
Y.§§§§... ......
..§§§§..##......
Y§Y.§..Pt.....
.§§Y........
#Y§Y.......
#@#.......
##FaH.....
####..#..... ##
###.#.........
.####
#..#...##.....
###.##
###.....#.#.....
.....# #.......###
.... .....##
##......P# ...
......####......PP#
...


You could see 3 death yaks, 3 yaks, a hippogriff, a spiny frog, a crocodile and
a worker ant.

Vanquished Creatures
  Snorg (Lair:6)
  A minotaur (Lab)
  Harold (D:10)
  3 hydras
  Erica (D:11)
  A centaur warrior (D:11)
  The ghost of ronnideworm the Severer, a novice MiBe of Trog (D:10)
  3 death yaks (Lair:7)
  The ghost of Dirtsage the Covert, a novice OpAs of Dithmenos (D:7)
  A hill giant (D:11)
  4 spiny frogs
  4 black mambas
  6 elephants (Lair:6)
  A torpor snail (Lair:5)
  2 fire drakes
  7 komodo dragons
  A polar bear (Lair:3)
  5 blink frogs (Lair:6)
  Prince Ribbit (D:5)
  A merfolk (Lair:5)
  4 trolls
  A wraith (D:11)
  2 wyverns
  Eustachio (D:4)
  4 trapdoor spiders (Lair:6)
  43 yaks
  9 hippogriffs
  A basilisk (Lair:4)
  2 mottled dragons
  6 wolves
  5 hungry ghosts
  Edmund (D:5)
  7 water moccasins
  4 vampire mosquitoes (D:11)
  7 porcupines
  A black bear (D:7)
  An eye of draining (D:10)
  3 sky beasts
  8 centaurs
  4 phantoms
  2 orc warriors
  A necrophage (D:7)
  6 ice beasts
  3 ogres
  3 crocodiles
  2 big kobolds
  A gnoll sergeant (D:8)
  15 giant frogs
  3 scorpions
  9 killer bees
  9 electric eels
  A vampire bat (D:11)
  2 crimson imps
  A wasp zombie (D:11)
  8 orc priests
  9 hounds
  14 orc wizards
  2 centaur skeletons
  3 iguanas
  A giant frog skeleton (D:10)
  Jessica (D:3)
  A quasit (D:11)
  6 worker ants
  17 sheep
  A killer bee zombie (D:8)
  A hound skeleton (D:7)
  2 worker ant zombies
  12 adders
  3 gnolls (D:8)
  3 shadow imps
  76 river rats
  3 adder skeletons
  2 adder zombies
  2 worms
  6 giant geckos
  58 orcs
  12 bats
  8 giant cockroaches
  2 goblins
  4 hobgoblins
  10 kobolds
  6 quokkas
  A giant gecko skeleton (D:6)
  4 giant newts
  2 gnoll zombies (D:8)
  A quokka skeleton (D:4)
  3 rats
  A fungus (Lair:5)
503 creatures vanquished.

Vanquished Creatures (others)
  A giant gecko (D:5)
  A bush (Lair:3)
  6 fungi
  2 plants
10 creatures vanquished.

Grand Total: 513 creatures vanquished

Notes
Turn   | Place    | Note
--------------------------------------------------------------
     0 | D:1      | st0uf the Draconian Fire Elementalist began the quest for the Orb.
     0 | D:1      | Reached XP level 1. HP: 14/14 MP: 3/3
   363 | D:1      | Reached XP level 2. HP: 20/20 MP: 0/5
  1310 | D:2      | Reached XP level 3. HP: 26/26 MP: 1/6
  1495 | D:2      | Learned a level 3 spell: Conjure Flame
  1742 | D:2      | HP: 1/26 [poisoned by an adder]
  2129 | D:3      | Reached XP level 4. HP: 29/33 MP: 1/7
  2888 | D:3      | Reached XP level 5. HP: 38/38 MP: 6/9
  3075 | D:3      | Noticed Jessica
  3077 | D:3      | Killed Jessica
  3218 | D:4      | Found a deep blue altar of Sif Muna.
  3505 | D:4      | Noticed Eustachio
  3532 | D:4      | Found a snail-covered altar of Cheibriados.
  3585 | D:4      | Found a shimmering altar of Xom.
  3586 | D:4      | Found a radiant altar of Vehumet.
  3592 | D:4      | Became a worshipper of Vehumet
  3671 | D:4      | Found a sacrificial altar of Ru.
  3720 | D:5      | Entered Level 5 of the Dungeon
  3720 | D:5      | Noticed Edmund
  3908 | D:5      | Noticed a centaur
  3917 | D:4      | Reached skill level 4 in Fire Magic
  3917 | D:4      | Reached XP level 6. HP: 35/45 MP: 4/11
  4153 | D:5      | Noticed a sky beast
  4170 | D:5      | Killed a sky beast
  4273 | D:5      | Killed a centaur
  4439 | D:5      | Noticed a sky beast
  4439 | D:5      | Noticed an ogre
  4441 | D:5      | Noticed Prince Ribbit
  4646 | D:6      | Found a shadowy altar of Dithmenos.
  4836 | D:6      | Reached skill level 5 in Fire Magic
  4836 | D:6      | Your scales start taking on a pale cyan-grey colour.
  4836 | D:6      | Reached XP level 7. HP: 7/50 MP: 0/12
  6123 | D:7      | Found a stormy altar of Qazlal.
  6140 | D:7      | Reached XP level 8. HP: 44/57 MP: 8/14
  6208 | D:7      | Found a staircase to the Ecumenical Temple.
  6214 | D:7      | Reached skill level 5 in Conjurations
  6214 | D:7      | Reached skill level 6 in Fire Magic
  6227 | D:7      | Reached * piety under Vehumet
  6227 | D:7      | Offered knowledge of Sandblast by Vehumet.
  6447 | D:7      | Found a blossoming altar of Fedhas.
  6494 | D:7      | Noticed Dirtsage's ghost (novice OpAs)
  6509 | D:7      | Killed Dirtsage's ghost
  6509 | D:7      | Reached skill level 5 in Dodging
  6509 | D:7      | Reached skill level 5 in Spellcasting
  6716 | D:7      | Reached skill level 7 in Fire Magic
  6720 | D:7      | Reached XP level 9. HP: 62/62 MP: 1/17
  7063 | D:5      | Killed a sky beast
  7119 | D:5      | Offered knowledge of Throw Frost by Vehumet.
  7120 | D:5      | Reached ** piety under Vehumet
  7128 | D:5      | Learned a level 4 spell: Sticky Flame
  7185 | D:5      | Killed Prince Ribbit
  7304 | D:5      | Killed Edmund
  7322 | D:5      | Killed an ogre
  7343 | D:5      | Found an ancient bone altar of Kikubaaqudgha.
  7493 | D:4      | Killed Eustachio
  7493 | D:4      | Reached skill level 8 in Fire Magic
  7500 | D:4      | Found a glowing golden altar of the Shining One.
  7936 | D:8      | Noticed a phantom
  7948 | D:8      | Killed a phantom
  8039 | D:8      | Offered knowledge of Static Discharge by Vehumet.
  8064 | D:8      | Learned a level 3 spell: Static Discharge
  8139 | D:8      | Reached XP level 10. HP: 65/69 MP: 10/20
  8191 | D:8      | Reached *** piety under Vehumet
  8335 | D:8      | Reached skill level 1 in Air Magic
  8435 | D:8      | Found Numperr's Magic Scroll Emporium.
  8443 | D:8      | Bought a scroll of identify for 28 gold pieces
  8443 | D:8      | Bought a scroll of identify for 28 gold pieces
  8610 | D:8      | Found a basalt altar of Yredelemnul.
  8879 | D:9      | Found an opulent altar of Gozag.
  8962 | D:9      | Offered knowledge of Force Lance by Vehumet.
  8969 | D:9      | Learned a level 5 spell: Fireball
  9049 | D:9      | Found a glowing silver altar of Zin.
  9141 | D:9      | Reached skill level 9 in Fire Magic
  9220 | D:9      | Found a sparkling altar of Nemelex Xobeh.
  9327 | D:9      | Found Lougror's Jewellery Boutique.
  9421 | D:10     | Entered Level 10 of the Dungeon
  9444 | D:10     | Noticed Harold
  9457 | D:10     | Killed Harold
  9579 | D:10     | Found a staircase to the Orcish Mines.
  9806 | D:10     | Reached **** piety under Vehumet
 10117 | D:10     | Noticed ronnideworm's ghost (novice MiBe)
 10152 | D:10     | Reached XP level 11. HP: 38/74 MP: 18/23
 10187 | D:10     | Killed ronnideworm's ghost
 10187 | D:10     | Offered knowledge of Olgreb's Toxic Radiance by Vehumet.
 10187 | D:10     | Reached skill level 10 in Fire Magic
 10399 | D:10     | Reached skill level 5 in Air Magic
 10399 | D:10     | Reached skill level 1 in Evocations
 10848 | D:11     | Noticed a hill giant
 10854 | D:11     | Killed a hill giant
 10980 | D:11     | Noticed Erica
 11194 | D:11     | Reached ***** piety under Vehumet
 11276 | D:11     | Found a staircase to the Lair.
 11439 | D:11     | Noticed a centaur warrior
 11478 | D:11     | Killed a centaur warrior
 11478 | D:11     | Offered knowledge of Bolt of Fire by Vehumet.
 11625 | D:11     | Killed Erica
 11833 | Lair:1   | Entered Level 1 of the Lair of Beasts
 12185 | Lair:1   | Noticed a five-headed hydra
 12227 | Lair:1   | Killed a five-headed hydra
 12227 | Lair:1   | Reached skill level 5 in Evocations
 12406 | Lair:1   | Reached XP level 12. HP: 81/81 MP: 21/25
 13826 | Lair:2   | Offered knowledge of Fulminant Prism by Vehumet.
 14686 | Lair:3   | Reached skill level 10 in Spellcasting
 14868 | Lair:3   | Noticed a seven-headed hydra
 14878 | Lair:3   | Killed a seven-headed hydra
 15710 | Lair:4   | Noticed a five-headed hydra
 15791 | Lair:4   | Killed a five-headed hydra
 15791 | Lair:4   | Reached skill level 10 in Dodging
 17010 | Lair:5   | Found a labyrinth entrance.
 17019 | Lab      | Entered a labyrinth
 17820 | Lab      | Noticed a minotaur
 17825 | Lab      | Killed a minotaur
 17861 | Lab      | Identified a +2 rod of clouds (4/14) (You took it off a minotaur in a labyrinth)
 17872 | Lab      | Identified a scroll of acquirement
 17879 | Lab      | Got a steaming flail
 17881 | Lab      | Identified the +3 flail of Roteec {freeze, rN+ Str+4} (You found it in a labyrinth)
 17991 | Lair:5   | Reached XP level 13. HP: 84/86 MP: 12/27
 18436 | Lair:5   | Offered knowledge of Poisonous Cloud by Vehumet.
 18619 | Lair:5   | Found a staircase to the Shoals.
 19105 | Lair:6   | Noticed Snorg
 19134 | Lair:6   | Killed Snorg
 19246 | Lair:6   | Found a hole to the Spider Nest.
 19964 | Lair:6   | Reached skill level 10 in Air Magic
 20011 | Lair:6   | Reached skill level 11 in Spellcasting
 20473 | Lair:7   | HP: 2/86 [death yak (18)]
 20476 | Lair:7   | Slain by a death yak

Action                   |  1- 3 |  4- 6 |  7- 9 | 10-12 | 13-15 || total
-------------------------+-------+-------+-------+-------+-------++-------
Melee: Unarmed           |    16 |    15 |     5 |       |       ||    36
       Flail             |       |       |     6 |    36 |       ||    42
Throw: Throwing net      |       |       |       |     1 |       ||     1
 Cast: Flame Tongue      |    81 |   103 |   201 |   450 |   136 ||   971
       Conjure Flame     |       |    10 |    11 |    42 |     7 ||    70
       Sticky Flame      |       |       |     5 |    29 |    17 ||    51
       Static Discharge  |       |       |     4 |    89 |    22 ||   115
       Fireball          |       |       |       |     5 |     5 ||    10
 Abil: Breathe Steam     |       |       |    32 |    87 |    17 ||   136
Evoke: Rod               |       |       |       |       |     7 ||     7
  Use: Potion            |     1 |       |       |       |     2 ||     3
       Scroll            |       |    10 |     8 |    14 |     1 ||    33
 Stab: Sleeping          |       |       |       |     1 |       ||     1
  Eat: Chunk             |     5 |     5 |     9 |    39 |    13 ||    71
       Meat ration       |       |     1 |     1 |       |       ||     2
       Beef jerky        |       |       |       |     2 |       ||     2
       Royal jelly       |       |       |       |     1 |       ||     1
       Fruit             |       |       |       |     3 |       ||     3
